 Dungeon Crawl Stone Soup version 0.29.1-1-gd02db6906a (webtiles) character file.

Game seed: 8557890370354208432

5611 hawla the Thaumaturge (level 10, -4/52 HPs)
             Began as a Deep Elf Fire Elementalist on Sept 28, 2022.
             Was a Believer of Vehumet.
             Slain by a boulder beetle (56 damage)
             ... on level 10 of the Dungeon on Sept 29, 2022.
             The game lasted 00:22:04 (12170 turns).

hawla the Thaumaturge (Deep Elf Fire Elementalist) Turns: 12170, Time: 00:22:05

Health: -4/52      AC:  8    Str: 11    XL:     10   Next: 45%
Magic:  19/28      EV: 14    Int: 25    God:    Vehumet [**....]
Gold:   580        SH:  0    Dex: 20    Spells: 22/33 levels left

rFire   . . .      SeeInvis .   w - +7 falchion of the Crafting Gods {freeze, +Blink rPois rCorr Dex+5}
rCold   . . .      Faith    .   (no shield)
rNeg    . . .      Spirit   .   B - +1 robe {Will+}
rPois   +          Reflect  .   A - +0 helmet
rElec   .          Harm     .   E - +2 cloak
rCorr   +          Rampage  .   q - +0 pair of gloves
Will    ++...                   (no boots)
Stlth   ++........              (no amulet)
HPRegen 0.17/turn               o - +6 ring of strength
MPRegen 0.21/turn               (no ring)

@: radiating poison, on blink cooldown
A: no striking features
a: Renounce Religion, Evoke Blink


You were on level 10 of the Dungeon.
You worshipped Vehumet.
Vehumet was pleased with you.
You visited 2 branches of the dungeon, and saw 11 of its levels.
You also visited: Sewer.

You collected 580 gold pieces.

Inventory:

Hand Weapons
 w - the +7 falchion of the Crafting Gods (weapon) {freeze, +Blink rPois rCorr Dex+5}
   (You found it on level 8 of the Dungeon)

   It freezes those it strikes, dealing additional cold damage.
   It can also slow down cold-blooded creatures.
   Dex:       It affects your dexterity (+5).
   rPois:     It protects you from poison.
   +Blink:    It lets you blink.
   rCorr:     It protects you from acid and corrosion.
Missiles
 g - a throwing net
 s - 22 poisoned darts
Armour
 q - a +0 pair of gloves (worn)
 A - a +0 helmet (worn)
 B - a +1 robe of willpower (worn)
 E - a +2 cloak (worn)
Magical Staves
 h - a staff of poison
 j - a staff of earth
Jewellery
 a - a ring of resist corrosion
 o - a +6 ring of strength (left hand)
Wands
 u - a wand of polymorph (3)
 y - a wand of mindburst (4)
 z - a wand of acid (6)
Scrolls
 f - a scroll of brand weapon
 n - a scroll of amnesia {unknown}
 t - a scroll of magic mapping
 v - a scroll of fog
 x - a scroll of teleportation
 C - a scroll of enchant weapon {unknown}
Potions
 b - 4 potions of magic
 c - 2 potions of brilliance
 d - 2 potions of mutation
 e - 7 potions of curing
 i - a potion of lignification
 k - a potion of flight
 l - 3 potions of heal wounds
 m - a potion of haste
 p - 2 potions of invisibility {unknown}
 r - 4 potions of cancellation {unknown}
 D - a potion of resistance {unknown}


   Skills:
 + Level 1.5 Fighting
 + Level 1.5 Staves
 + Level 3.9 Dodging
 - Level 2.7 Stealth
 + Level 12.1 Spellcasting
 + Level 4.8 Conjurations
 + Level 11.6 Fire Magic
 + Level 1.0 Earth Magic
 + Level 4.8 Poison Magic
 + Level 1.0 Evocations


You had 22 spell levels left.
You knew the following spells:

 Your Spells              Type           Power      Damage    Failure   Level
a - Foxfire               Conj/Fire      100%       2x1d9     1%          1
b - Scorch                Fire           100%       2d10      1%          2
c - Flame Wave            Conj/Fire      54%        2d13      1%          4
d - Olgreb's Toxic Radia  Pois           39%        N/A       5%          4

Your spell library contained the following spells:

 Spells                   Type           Power      Damage    Failure   Level
 Dazzling Flash           Conj/Hex       54%        N/A       4%          3
 Sting                    Tmut/Pois      100%       1d8       1%          1
 Conjure Flame            Conj/Fire      54%        6-21      1%          3
 Inner Flame              Hex/Fire       44%        N/A       1%          3
 Poisonous Vapours        Pois/Air       54%        N/A       2%          2
 Slow                     Hex            60%        N/A       4%          1
 Summon Small Mammal      Summ           60%        N/A       4%          1
 Blink                    Tloc           30%        N/A       6%          2
 Call Canine Familiar     Summ           15%        N/A       12%         3
 Confusing Touch          Hex            15%        N/A       12%         3
 Lesser Beckoning         Tloc           15%        N/A       12%         3
 Summon Guardian Golem    Hex/Summ       15%        N/A       12%         3
 Vampiric Draining        Necr           15%        2d7       12%         3
 Manifold Assault         Tloc           15%        N/A       73%         5


Dungeon Overview and Level Annotations

Branches:
Dungeon (10/15)            Temple (1/1) D:4           Sewer (visited)
   Lair: D:8-11         Orc: D:9-12

Altars:
Ashenzari
Cheibriados
Dithmenos
Elyvilon
Fedhas
Gozag
Hepliaklqana
Kikubaaqudgha
Makhleb
Nemelex Xobeh
Okawaru
Qazlal
Ru
Sif Muna
Trog
Uskayaw
Vehumet
Wu Jian
Xom
Yredelemnul
Zin
The Shining One

Annotations:
D:7 2 transporters, BigDaddyOpFi's ghost, novice OpHW


Message History

The foxfire hits the troll but does no damage.
The troll is heavily wounded.
Casting: Olgreb's Toxic Radiance (dangerous; 6% risk of failure)
Confirm with . or Enter, or press ? or * to list all spells.
Flames lash the troll.
The troll is severely wounded.
The troll's fire resistance burns away.
Casting: Scorch (safe; 1% risk of failure)
Confirm with . or Enter, or press ? or * to list all spells.
Flames lash the troll.
The troll is burned terribly!
You kill the troll!
Vehumet accepts your kill.
Magic restored.
e - 7 potions of curing (gained 1)
n - a scroll labelled HIOTUAPPEH
Found 4 stones.
You pick up a book of Debilitation and begin reading...
You add the spells Slow, Vampiric Draining and Confusing Touch to your library.
You now have 580 gold pieces (gained 6).
You see here a +0 ring mail.
Found an escape hatch in the floor.
Found a stone staircase leading up.
A shadow and a boulder beetle come into view.
There are monsters nearby!
There are monsters nearby!
The shadow slips into darkness.
The shadow flickers and vanishes!
Deactivating autopickup; reactivate with Ctrl-A.
Found a scroll of teleportation.
Casting: Scorch (safe; 1% risk of failure)
Confirm with . or Enter, or press ? or * to list all spells.
You begin to radiate toxic energy.
The boulder beetle is poisoned.
The boulder beetle curls into a ball and begins rolling!
Casting: Olgreb's Toxic Radiance (dangerous; 5% risk of failure)
Confirm with . or Enter, or press ? or * to list all spells.
Your toxic radiance grows in intensity.
Okay, then.
You blink.
The boulder beetle looks even sicker.
The boulder beetle hits you!!!
Ouch! That really hurt!
You die...

# .. ######...
#..?..... ###.
#.......# #...
#.......# #...
#@B.°....
#...##..○...##
#>..........#
#....#......#
#.....§..#### .
#........# ..
#.##.....# ...
#........#
....###.........#


You could see a boulder beetle (rolling, very poisoned).

Vanquished Creatures
  A troll (D:10)
  Grinder (D:5)
  Sigmund (D:5)
  9 yaks
  A wyvern (D:8)
  6 steam dragons
  Pargi (Sewer)
  2 ice beasts
  3 orc warriors
  3 black bears
  4 ogres
  A phantom (D:6)
  2 kobold brigands
  2 necrophages (D:7)
  4 bullfrogs (D:8)
  3 wights (D:8)
  4 killer bees (D:9)
  2 howler monkeys
  A jelly (D:8)
  4 hounds
  2 orc priests
  A gnoll bouda (D:7)
  2 iguanas
  4 orc wizards
  5 gnolls
  6 adders
  2 white imps (D:8)
  2 worms (D:2)
  A dart slug (D:2)
  10 orcs
  2 endoplasms (D:1)
  8 giant cockroaches
  9 goblins
  6 hobgoblins
  3 jackals (D:1)
  16 kobolds
  10 quokkas
  9 ball pythons
  6 bats
  2 frilled lizards
  5 rats
166 creatures vanquished.

Vanquished Creatures (collateral kills)
  4 foxfires (D:1)
4 creatures vanquished.

Vanquished Creatures (others)
  A yak (D:8)
  An orc (D:8)
  219 foxfires
  3 plants (D:1)
224 creatures vanquished.

Grand Total: 394 creatures vanquished

Notes
Turn   | Place    | Note
-------+----------+-------------------------------------------
     0 | D:1      | hawla the Deep Elf Fire Elementalist began the quest for
                  | the Orb.
     0 | D:1      | Reached XP level 1. HP: 10/10 MP: 6/6
   188 | D:1      | Reached XP level 2. HP: 15/15 MP: 4/8
   191 | D:1      | Learned a level 2 spell: Scorch
  1187 | D:2      | Reached XP level 3. HP: 19/19 MP: 3/10
  1672 | D:2      | Reached skill level 4 in Spellcasting
  1834 | D:2      | Reached XP level 4. HP: 10/24 MP: 4/12
  2473 | D:3      | Reached skill level 1 in Poison Magic
  2473 | D:3      | Reached skill level 1 in Evocations
  3679 | D:3      | Learned a level 4 spell: Flame Wave
  4349 | D:4      | Found a staircase to the Ecumenical Temple.
  4411 | Temple   | Entered the Ecumenical Temple
  4837 | Temple   | Became a worshipper of Vehumet
  4880 | D:4      | Reached XP level 5. HP: 10/28 MP: 7/13
  5227 | D:4      | Noticed an ogre
  5237 | D:4      | Killed an ogre
  5238 | D:4      | Reached skill level 5 in Fire Magic
  5473 | D:4      | Reached XP level 6. HP: 32/32 MP: 9/14
  5615 | D:5      | Entered Level 5 of the Dungeon
  5789 | D:5      | Noticed Grinder
  5798 | D:5      | Killed Grinder
  5953 | D:5      | Reached XP level 7. HP: 36/36 MP: 10/16
  6016 | D:5      | Found a shimmering altar of Xom.
  6023 | D:5      | Found a glowing golden altar of the Shining One.
  6068 | D:5      | Reached skill level 5 in Spellcasting
  6194 | D:5      | Found a glowing drain.
  6244 | Sewer    | Entered a sewer
  6356 | Sewer    | Noticed Pargi
  6360 | Sewer    | Killed Pargi
  6447 | Sewer    | Identified the +0 ring mail of Kikubaaqudgha's Whim {Int+3
                  | Dex+5 Slay-3}
  6489 | Sewer    | Reached skill level 6 in Spellcasting
  6536 | Sewer    | Reached * piety under Vehumet
  6536 | Sewer    | Offered knowledge of Sandblast by Vehumet.
  6930 | D:5      | Noticed Sigmund
  6933 | D:5      | Killed Sigmund
  6934 | D:5      | Reached skill level 7 in Spellcasting
  6934 | D:5      | Reached XP level 8. HP: 42/42 MP: 14/20
  7284 | D:6      | Reached skill level 1 in Earth Magic
  7732 | D:6      | Reached skill level 8 in Spellcasting
  7939 | D:6      | Reached skill level 1 in Fighting
  8372 | D:7      | Reached skill level 1 in Staves
  8372 | D:7      | Reached skill level 9 in Spellcasting
  8553 | D:7      | Reached XP level 9. HP: 46/47 MP: 17/24
  8911 | D:7      | Found a transporter.
  8939 | D:7      | Noticed BigDaddyOpFi's ghost (novice OpHW)
  8947 | D:7      | Found a transporter.
  9565 | D:8      | Reached skill level 10 in Spellcasting
  9745 | D:8      | Reached skill level 10 in Fire Magic
 10031 | D:8      | Reached ** piety under Vehumet
 10224 | D:8      | Offered knowledge of Static Discharge by Vehumet.
 10225 | D:8      | Reached skill level 11 in Spellcasting
 10231 | D:8      | Learned a level 4 spell: Olgreb's Toxic Radiance
 10755 | D:8      | Identified the +7 falchion of the Crafting Gods {freeze,
                  | +Blink rPois rCorr Dex+5}
 10992 | D:9      | Reached XP level 10. HP: 12/52 MP: 16/27
 11959 | D:10     | Entered Level 10 of the Dungeon
 11990 | D:10     | Offered knowledge of Dazzling Flash by Vehumet.
 11991 | D:10     | Reached skill level 12 in Spellcasting
 12165 | D:10     | Noticed a boulder beetle
 12170 | D:10     | Slain by a boulder beetle

Illustrated notes

Levels and vault maps discovered:
D:1:      spicycebolla_green_bress_n_ham_2, layout_basic, serial_forest,
          infiniplex_forest_lined_1, infiniplex_forest_end_3,
          infiniplex_forest_clump_tiny, infiniplex_forest_straight_5,
          infiniplex_forest_zigzag_2, infiniplex_forest_clump_curved,
          infiniplex_forest_straight_3
D:2:      layout_rooms, minmay_tetromino_i2
D:3:      layout_rooms, serial_co_window_serial, co_window_paths_a,
          co_window_paths_a, co_window_cross_1, co_window_of_opportunity_a,
          co_window_paths_a, co_window_paths_a, co_window_cross_1,
          co_window_corner_b, co_window_2corner, co_window_corner_cb,
          co_window_of_opportunity_b, co_window_unsneaky_path_e,
          co_window_broadway_c, co_window_corner_cb, co_window_paths_e,
          glass_columns_c
D:4:      layout_basic, minmay_temple_entry_large_hall, st_stairs_7,
          ebering_dispersal_statue_hall
D:5:      layout_loops_ring, mainiacjoe_overflow_big_doors,
          portal_sewer_entry_f, corexii_corridor_pit, uniq_sigmund, uniq_grinder
D:6:      layout_basic, st_stairs_6
D:7:      layout_basic, gammafunk_ghost_stat_death, kennysheep_generic_room_3
D:8:      layout_rooms, minmay_increasing_density
D:9:      cheibrodos_iron_armory, layout_irregular_city
D:10:     layout_rooms, david_orc_3
Temple:   mainiacjoe_temple_big_plus

Skill      XL: |  1  2  3  4  5  6  7  8  9 10 |
---------------+-------------------------------+-----
Fire Magic     | 4 5 7 8 9 10 11 | 11.6
Spellcasting   | 4 7 9 11 12 | 12.1
Poison Magic   | 1 3 4 |  4.8
Evocations     | 1 |  1.0
Conjurations   | 2 3 4 |  4.8
Dodging        | 3 |  3.9
Earth Magic    | 1 |  1.0
Fighting       | 1 |  1.5
Staves         | 1 |  1.5
Stealth        | |  2.7

Action                   |  1- 3 |  4- 6 |  7- 9 | 10-12 || total
-------------------------+-------+-------+-------+-------++-------
Melee: Unarmed           |    21 |       |       |       ||    21
       Punch             |     2 |     2 |     1 |       ||     5
       Staff             |     3 |    77 |    22 |       ||   102
 Cast: Foxfire           |    48 |    13 |    55 |    15 ||   131
       Scorch            |    18 |    17 |    64 |     7 ||   106
       Flame Wave        |       |     1 |    11 |     3 ||    15
       Olgreb's Toxic Ra |       |       |     4 |     8 ||    12
 Abil: Evoke Blink       |       |       |       |     1 ||     1
  Use: Scroll            |       |    10 |     5 |     3 ||    18
       Potion            |       |       |     1 |       ||     1
 Stab: Sleeping          |     1 |     3 |       |       ||     4
Armor: Robe              |     5 |    12 |    17 |       ||    34
Dodge: Dodged            |    21 |    68 |    51 |     5 ||   145
